 Dungeon Crawl Stone Soup version 0.29-a0-1027-gcd8c55af63 (webtiles) character file.

Game seed: 12973096813574350433

19607 Newt the Fighter (level 12, -2/98 HPs)
             Began as a Demonspawn Berserker on Aug 12, 2022.
             Was a Priest of Trog.
             Slain by an ettin
             ... wielding a +0 dire flail
              (17 damage)
             ... on level 12 of the Dungeon.
             The game lasted 00:28:19 (14834 turns).

Newt the Fighter (Demonspawn Berserker)            Turns: 14834, Time: 00:28:20

Health: -2/98      AC: 16    Str: 21    XL:     12   Next: 38%
Magic:  18/18      EV: 11    Int: 10    God:    Trog [***...]
Gold:   932        SH:  0    Dex: 13    Spells: 11/11 levels left

rFire   + + .      SeeInvis .   y - +6 spear of Death {venom, rN+ Will+ Dex+2 Stlth+}
rCold   . . .      Faith    .   (no shield)
rNeg    + . .      Spirit   .   F - +0 ring mail {rF+}
rPois   .          Reflect  .   (helmet restricted)
rElec   .          Harm     .   D - scarf {repulsion}
rCorr   .          Rampage  .   J - +2 pair of gloves
Will    +++..                   (no boots)
Stlth   ++........              (no amulet)
HPRegen 0.26/turn               q - ring of protection from cold
MPRegen 0.16/turn               v - ring "Orunt" {Fire +Blink Will++ Dex-2 Slay+6}

@: about to teleport, sanguine armoured, slowed, invisible, repel missiles, very
slow
A: horns 2, foul stench 2, spiny 2, sanguine armour 1
a: Renounce Religion, Evoke Blink, Berserk, Trog's Hand


You were on level 12 of the Dungeon.
You worshipped Trog.
Trog was most pleased with you.
You visited 1 branch of the dungeon, and saw 13 of its levels.
You also visited: Ossuary.

You collected 932 gold pieces.

Inventory:

Hand Weapons
 a - a +1 hand axe
 l - a +3 vorpal mace
 o - a +11 dire flail of flaming
 y - the +6 spear of Death (weapon) {venom, rN+ Will+ Dex+2 Stlth+}
   (You found it on level 8 of the Dungeon)

   It poisons the flesh of those it strikes.
   Dex:       It affects your dexterity (+2).
   rN:        It protects you from negative energy.
   Will:      It increases your willpower.
   Stlth:     It makes you more stealthy.
 O - the +6 scimitar "Jeho" {flame, rElec}
   (You found it on level 13 of the Dungeon)

   It burns those it strikes, dealing additional fire damage.
   Big, fiery blades are also staple armaments of hydra-hunters.
   rElec:     It insulates you from electricity.
Missiles
 H - 5 silver javelins (quivered)
Armour
 b - a +0 animal skin
 g - a +1 helmet
 m - a +0 scale mail
 D - a scarf of repulsion (worn)
 E - a +0 cloak
 F - a +0 ring mail of fire resistance (worn)
 J - a +2 pair of gloves (worn)
Jewellery
 p - a +6 ring of intelligence
 q - a ring of protection from cold (left hand)
 v - the ring "Orunt" (right hand) {Fire +Blink Will++ Dex-2 Slay+6}
   (You acquired it on level 8 of the Dungeon)

   [ring of fire]

   It enhances your fire magic.
   Dex:       It affects your dexterity (-2).
   Slay:      It affects your accuracy & damage with ranged weapons and melee
   (+6).
   rF:        It protects you from fire.
   rC:        It makes you vulnerable to cold.
   +Blink:    It lets you blink.
   Will:      It greatly increases your willpower.
Wands
 t - a wand of digging (1)
 A - a wand of flame (15)
Scrolls
 e - 3 scrolls of noise
 f - 3 scrolls of teleportation
 s - 2 scrolls of magic mapping
 z - a scroll of butterflies
 B - 2 scrolls of enchant weapon
 L - 2 scrolls of identify
 M - a scroll of brand weapon
 N - a scroll of summoning {unknown}
Potions
 c - 2 potions of heal wounds
 d - a potion of invisibility
 h - 2 potions of ambrosia
 i - 10 potions of curing
 j - 2 potions of degeneration
 k - a potion of cancellation
 n - 4 potions of resistance
 r - a potion of flight
 w - a potion of magic {unknown}
 x - a potion of haste {unknown}
 C - a potion of might {unknown}
 I - 2 potions of attraction {unknown}
 K - a potion of mutation {unknown}


   Skills:
 + Level 10.4 Fighting
 - Level 3.9(9.3) Axes
 * Level 8.6(9.0) Maces & Flails
 - Level 9.9(10.3) Polearms
 * Level 7.8 Armour
 * Level 2.1 Dodging
 - Level 9.3 Invocations


You had 11 spell levels left.
You didn't know any spells.
Your spell library was empty.

Dungeon Overview and Level Annotations

Branches:
Dungeon (13/15)            Temple (0/1) D:6            Lair (0/5) D:11
    Orc (0/2) D:12         Vaults (0/5) D:13        Ossuary (visited)

Altars:
Ashenzari
Gozag
Hepliaklqana
Makhleb
Ru
Wu Jian

Shops:
D:2 =


Innate Abilities, Weirdness & Mutations

You have a pair of horns on your head.
You sometimes emit foul miasma when damaged in melee.
You are mostly covered in sharp spines.
When seriously injured, your blood forms armour. (AC +6)


Message History

You kill the kobold!
Trog accepts your kill. The kobold barely misses you.
The kobold hits you but does no damage.
Things that are here:
2 curare-tipped darts; a kobold corpse; a kobold corpse Unknown command.
The kobold hits you but does no damage.
You open the door. The kobold misses you.
The kobold throws a curare-tipped dart.
The curare-tipped dart misses you.
There is an open door here.
The kobold throws a curare-tipped dart.
The curare-tipped dart closely misses you.
The kobold throws a curare-tipped dart.
The curare-tipped dart hits you.
You are poisoned.
You have difficulty breathing.
You feel yourself slow down.
You feel sick.
Your blood congeals into armour.
You feel sick.
The kobold throws a curare-tipped dart.
The curare-tipped dart hits you.
You are more poisoned.
You have difficulty breathing.
You feel as though you will be slow longer.
You feel very sick.
You feel very sick.
You feel sick.
You feel sick.
You feel sick.
You feel sick.
You feel sick.
You are no longer poisoned.
As you read the scroll of teleportation, it crumbles to dust.
You feel strangely unstable.
The ettin hits you with a +0 dire flail!
The ettin hits you with a +0 dire flail!!
* * * LOW HITPOINT WARNING * * *
You fade into invisibility!
The kobold throws a curare-tipped dart.
The curare-tipped dart hits the ettin.
The ettin is poisoned.
The ettin convulses.
The ettin seems to slow down.
The ettin hits you with a +0 dire flail!
You die...

...# 8.# W.# #.#
#.# ####
##.#######..######
#........((C'K...#
##.########(.##C###
#....!..@.#####.#
#..######C# #.#
#.## #K# #.# #.#
#.#####.# #C#
#...C.K.# #.#
######### #.# #.#
#.#


You could see an ettin (unable to see you, very poisoned, slow) and a kobold
(unable to see you).

Vanquished Creatures
  A sphinx (D:12)
  A boulder beetle (D:13)
  2 centaur warriors (D:12)
  A tengu warrior (D:12)
  3 two-headed ogres
  A deep elf pyromancer (D:12)
  An ugly thing (D:13)
  4 cyclopes
  2 manticores (D:12)
  Maurice (D:11)
  3 unseen horrors
  A komodo dragon (D:11)
  Psyche (D:12)
  A kobold demonologist (D:11)
  A hornet (D:10)
  2 trolls
  A polar bear (shapeshifter) (D:13)
  Prince Ribbit (D:6)
  6 yaks (D:10)
  A wraith (D:12)
  A wyvern (D:8)
  A steam dragon (D:9)
  4 vampire mosquitoes (D:11)
  18 humans (D:13)
  An acid dragon (D:12)
  3 water moccasins
  2 sky beasts
  An ice beast (D:7)
  An orc warrior (D:9)
  2 black bears (D:7)
  2 ogres (D:5)
  3 centaurs
  A phantom (D:5)
  3 kobold brigands
  2 necrophages
  7 bullfrogs
  2 gnoll sergeants
  2 scorpions
  4 wights (D:8)
  10 howler monkeys
  A centaur zombie (Ossuary)
  A hound (D:7)
  2 human zombies (Ossuary)
  6 orc priests
  2 gnoll boudas
  A jelly (D:4)
  Terence (D:3)
  Jessica (D:3)
  4 iguanas
  14 orc wizards
  2 mummies (Ossuary)
  6 adders
  17 gnolls
  2 shadow imps
  A white imp (D:7)
  2 worms
  The ghost of flotson the Sneak, a weakling DsDe (D:5)
  3 dart slugs
  29 orcs
  9 ball pythons
  2 endoplasms
  4 giant cockroaches
  4 gnoll zombies (Ossuary)
  11 goblins
  4 hobgoblins
  3 jackals
  23 kobolds
  7 quokkas
  2 bats (D:1)
  3 frilled lizards
  3 goblin zombies (Ossuary)
  3 hobgoblin zombies (Ossuary)
  An orc zombie (Ossuary)
  5 rats
285 creatures vanquished.

Vanquished Creatures (others)
  14 plants
14 creatures vanquished.

Grand Total: 299 creatures vanquished

Notes
Turn   | Place    | Note
-------+----------+-------------------------------------------
     0 | D:1      | Newt the Demonspawn Berserker began the quest for the Orb.
     0 | D:1      | Reached XP level 1. HP: 18/18 MP: 1/1
   318 | D:1      | Gained mutation: You are partially covered in sharp spines.
                  | [demonic ancestry]
   318 | D:1      | Reached XP level 2. HP: 24/24 MP: 2/2
   401 | D:1      | Found a faded altar of an unknown god.
  1039 | D:2      | Reached ** piety under Trog
  1154 | D:2      | Reached XP level 3. HP: 25/29 MP: 3/3
  1529 | D:2      | Found Kats's Jewellery Boutique.
  2010 | D:3      | Reached skill level 4 in Fighting
  2249 | D:3      | Reached XP level 4. HP: 37/37 MP: 4/4
  2259 | D:3      | Noticed Terence
  2266 | D:3      | Killed Terence
  2336 | D:3      | Found an ornate altar of the Wu Jian Council.
  2475 | D:3      | Reached skill level 1 in Maces & Flails
  2538 | D:3      | Noticed Jessica
  2544 | D:3      | Killed Jessica
  2545 | D:3      | Gained mutation: You may rarely emit foul miasma when
                  | damaged in melee. [demonic ancestry]
  2545 | D:3      | Reached XP level 5. HP: 43/43 MP: 5/5
  3016 | D:4      | Noticed a water moccasin
  3025 | D:4      | Killed a water moccasin
  3026 | D:4      | Reached XP level 6. HP: 36/50 MP: 6/6
  3341 | D:5      | Entered Level 5 of the Dungeon
  3341 | D:5      | Found a transporter.
  3342 | D:5      | Noticed flotson's ghost (weakling DsDe)
  3451 | D:5      | Reached skill level 5 in Fighting
  4000 | D:5      | Reached XP level 7. HP: 44/56 MP: 7/7
  4493 | D:5      | Found a transporter.
  4504 | D:5      | Killed flotson's ghost
  4600 | D:6      | Reached skill level 5 in Maces & Flails
  4868 | D:6      | Found a sand-covered staircase.
  4873 | Ossuary  | Entered an ossuary
  5015 | Ossuary  | Gained mutation: When seriously injured, your blood forms
                  | armour. (AC +6) [demonic ancestry]
  5015 | Ossuary  | Reached XP level 8. HP: 59/62 MP: 8/8
  5038 | Ossuary  | Reached *** piety under Trog
  5216 | D:6      | Noticed Prince Ribbit
  5222 | D:6      | Killed Prince Ribbit
  5223 | D:6      | Reached skill level 5 in Armour
  5371 | D:6      | Found a staircase to the Ecumenical Temple.
  5542 | D:7      | Found a hazy altar of Hepliaklqana.
  6085 | D:7      | Gained mutation: You sometimes emit foul miasma when
                  | damaged in melee. [demonic ancestry]
  6085 | D:7      | Reached XP level 9. HP: 62/69 MP: 9/9
  6242 | D:7      | Found a broken altar of Ashenzari.
  6246 | D:7      | Saw a vision of the Shoals and the Snake Pit.
  6246 | D:7      | Noticed an anaconda
  6246 | D:7      | Noticed a naga ritualist
  6246 | D:7      | Noticed a manticore
  6246 | D:7      | Noticed a merfolk siren
  6246 | D:7      | Noticed a manticore
  6246 | D:7      | Noticed a merfolk siren
  6246 | D:7      | Noticed a merfolk impaler
  6246 | D:7      | Noticed a black mamba
  6246 | D:7      | Noticed a merfolk siren
  6247 | D:7      | Noticed a sea snake
  6247 | D:7      | Noticed a water nymph
  6248 | D:7      | Noticed a cyclops
  6248 | D:7      | Noticed a mana viper
  6308 | D:7      | Reached skill level 6 in Fighting
  6944 | D:8      | Found a sacrificial altar of Ru.
  6954 | D:8      | Found a burning altar of Makhleb.
  6954 | D:8      | Found an opulent altar of Gozag.
  7003 | D:8      | Reached **** piety under Trog
  7554 | D:8      | Identified a scroll of acquirement
  7554 | D:8      | Acquired the ring "Orunt" {Fire +Blink Will++ Dex-2 Slay+6}
  7849 | D:8      | Identified the +6 spear of Death {venom, rN+ Will+ Dex+2
                  | Stlth+}
  7891 | D:8      | Reached skill level 1 in Polearms
  7893 | D:8      | Reached skill level 7 in Fighting
  8811 | D:9      | Gained mutation: You have a pair of small horns on your
                  | head. [demonic ancestry]
  8811 | D:9      | Reached XP level 10. HP: 64/79 MP: 10/10
  9069 | D:10     | Entered Level 10 of the Dungeon
  9204 | D:10     | Reached skill level 8 in Fighting
  9204 | D:10     | Reached skill level 5 in Polearms
 10233 | D:11     | Noticed a cyclops
 10242 | D:11     | Killed a cyclops
 10296 | D:11     | Noticed a two-headed ogre
 10303 | D:11     | Killed a two-headed ogre
 10304 | D:11     | Reached skill level 9 in Fighting
 10331 | D:11     | Noticed Maurice
 10347 | D:11     | Killed Maurice
 10623 | D:11     | Gained mutation: You have a pair of horns on your head.
                  | [demonic ancestry]
 10623 | D:11     | Reached XP level 11. HP: 37/89 MP: 11/11
 11400 | D:11     | Found a staircase to the Lair.
 11481 | D:12     | Noticed a two-headed ogre
 11488 | D:12     | Killed a two-headed ogre
 11489 | D:12     | Noticed a two-headed ogre
 11497 | D:12     | Killed a two-headed ogre
 11937 | D:12     | Found a staircase to the Orcish Mines.
 11937 | D:12     | Noticed Psyche
 11940 | D:12     | Killed Psyche
 11941 | D:12     | Reached skill level 10 in Fighting
 12187 | D:12     | Noticed a frost giant
 12194 | D:12     | Noticed a deep troll earth mage
 12194 | D:12     | Noticed a centaur warrior
 12772 | D:13     | Noticed a boulder beetle
 12784 | D:13     | Killed a boulder beetle
 12952 | D:13     | Identified the +2 robe "Toack" {rN+}
 12958 | D:13     | Noticed a cyan ugly thing
 12964 | D:13     | Killed a cyan ugly thing
 13329 | D:13     | Reached skill level 5 in Invocations
 13391 | D:13     | Identified the +6 scimitar "Jeho" {flame, rElec}
 13628 | D:13     | Found a gate to the Vaults.
 13628 | D:13     | Noticed a vault guard
 13628 | D:13     | Noticed a wizard
 13628 | D:13     | Noticed a vault guard
 13628 | D:13     | Noticed a wizard
 13628 | D:13     | Noticed a necromancer
 13628 | D:13     | Noticed a vault guard
 13730 | D:12     | Noticed a tengu warrior
 13735 | D:12     | Noticed a sphinx
 13740 | D:12     | Killed a tengu warrior
 13741 | D:12     | Gained mutation: You are mostly covered in sharp spines.
                  | [demonic ancestry]
 13741 | D:12     | Reached XP level 12. HP: 98/98 MP: 15/17
 13752 | D:12     | Noticed a jorogumo
 14436 | D:12     | Killed a sphinx
 14453 | D:12     | Killed a centaur warrior
 14585 | D:12     | Identified the ring "Vegem" {Str+6 Int-4 Dex+5 SInv}
 14585 | D:12     | Noticed a centaur warrior
 14598 | D:12     | Killed a centaur warrior
 14752 | D:12     | Noticed an ettin
 14762 | D:12     | Noticed a five-headed hydra
 14763 | D:12     | Noticed a boulder beetle
 14766 | D:12     | Noticed an ettin
 14834 | D:12     | Slain by an ettin

Illustrated notes

Levels and vault maps discovered:
D:1:      dpeg_arrival_central, layout_loops_ring,
          chequers_ecumenical_altar_simple, minivault_27
D:2:      layout_basic, serial_shops, nicolae_lakefront_shop,
          roderic_serpentine_path
D:3:      layout_basic, marbit_many_paths, serial_forest,
          infiniplex_forest_clump_long, infiniplex_forest_end_2,
          infiniplex_forest_end_1, infiniplex_forest_straight_2,
          infiniplex_forest_clump_double, infiniplex_forest_lined_4_way,
          infiniplex_forest_clump_long, cheibrodos_sewer_entry_drain,
          kennysheep_generic_room_11, uniq_terence, uniq_jessica
D:4:      layout_rooms
D:5:      layout_loops_cross, gammafunk_ghost_smash,
          chequers_serial_rivers_small_b
D:6:      layout_rooms, minmay_temple_entry_fiery,
          lightli_ossuary_entry_decrepit_ruins, kb_lookout_dungeons_type,
          kennysheep_path_1, uniq_prince_ribbit1
D:7:      layout_basic, lemuel_crystal_altar, grunt_ashenzari_visionary
          [grunt_ashenzari_visionary_shoals, grunt_ashenzari_visionary_snake]
D:8:      layout_layer_cave, minitemple, serial_glass, glass_columns_a,
          glass_columns_a, minmay_strange_pillars, due_unseen_surprise
D:9:      layout_basic, kennysheep_little_box
D:10:     layout_basic, enter_bailey_5
D:11:     layout_gridville, david_lair_shrubbed, uniq_maurice
D:12:     minmay_complete_graph, layout_basic, orc_0_dummy,
          minmay_unpleasant_kobolds, uniq_psyche
D:13:     layout_basic, grunt_vaults_entry_tiered, vehumet_crystals

Skill      XL: |  1  2  3  4  5  6  7  8  9 10 11 12 |
---------------+-------------------------------------+-----
Axes           | 3 |  3.9
Fighting       | 4 5 7 9 10 | 10.4
Maces & Flails | 1 2 4 5 7 8 |  8.6
Armour         | 2 4 6 7 |  7.8
Polearms       | 3 7 9 |  9.9
Invocations    | 6 9 |  9.3
Dodging        | 2 |  2.1

Action                   |  1- 3 |  4- 6 |  7- 9 | 10-12 || total
-------------------------+-------+-------+-------+-------++-------
Melee: Hand axe          |   116 |     5 |       |       ||   121
       Punch             |     3 |     1 |       |     3 ||     7
       Mace              |       |    84 |    13 |       ||    97
       Dire flail        |       |       |   179 |    27 ||   206
       Spear             |       |       |       |   304 ||   304
       Headbutt          |       |       |       |    49 ||    49
Invok: Berserk           |       |     1 |     2 |     6 ||     9
       Trog's Hand       |       |     2 |     4 |    11 ||    17
       Brothers in Arms  |       |       |       |     1 ||     1
Evoke: Wand              |       |       |     1 |     1 ||     2
  Use: Scroll            |     9 |     6 |     6 |    15 ||    36
       Potion            |       |       |     2 |     7 ||     9
 Stab: Sleeping          |     1 |       |       |       ||     1
       Invisible         |       |       |     1 |       ||     1
Armor: Animal skin       |    13 |       |       |       ||    13
       Scale mail        |       |    28 |    80 |    24 ||   132
       Ring mail         |       |       |       |    45 ||    45
       Skin              |       |       |       |    28 ||    28
Dodge: Dodged            |    44 |    40 |    97 |    84 ||   265
       Repelled          |       |       |       |     4 ||     4

Table legend: (Time is in decaauts)
 A = Elapsed time spent in this place.
 B = Non-inter-level travel time spent in this place.
 C = Inter-level travel time spent in this place.
 D = Time resting spent in this place.
 E = Time spent auto-exploring this place.
 F = Levels seen in this place.
 G = Mean time per level.
                   A        B        C        D        E       F      G
               +--------+--------+--------+--------+--------+-----+--------+
         Total |  14845 |  14375 |    470 |   3437 |   8986 |  14 | 1060.4 |
       Dungeon |  14526 |  14056 |    470 |   3311 |   8845 |  13 | 1117.4 |
       Ossuary |    319 |    319 |      0 |    126 |    141 |   1 |  319.0 |
               +--------+--------+--------+--------+--------+-----+--------+

Top non-repeatable levels by time:
    D:13: 2068 daAuts
    D:11: 1599 daAuts
     D:8: 1539 daAuts
     D:7: 1308 daAuts
     D:5: 1250 daAuts
    D:10: 1083 daAuts
     D:3: 1081 daAuts
     D:2: 1048 daAuts
    D:12: 976 daAuts
     D:1: 783 daAuts
     D:9: 774 daAuts
     D:6: 544 daAuts
     D:4: 467 daAuts
 Ossuary: 319 daAuts
